 Dungeon Crawl Stone Soup version 0.28-a0-1518-gbe868bca14 (webtiles) character file.

Game seed: 15334544230393857661

1174 esteth the Fighter (level 8, -1/74 HPs)
             Began as a Ghoul Monk on Jan 16, 2022.
             Was a Plaything of Xom.
             Slain by a kobold (5 damage)
             ... on level 6 of the Dungeon.
             The game lasted 00:12:16 (5865 turns).

esteth the Fighter (Ghoul Monk)                     Turns: 5865, Time: 00:12:16

Health: -1/74      AC:  2    Str: 29    XL:     8   Next: 41%
Magic:  7/7        EV: 12    Int:  5    God:    Xom [..*...]
Gold:   377        SH:  0    Dex: 11    Spells: 7/7 levels left

rFire   . . .      SeeInvis +     - Unarmed
rCold   + . .      Faith    .   (no shield)
rNeg    + + +      Spirit   .   a - +0 robe
rPois   ∞          Reflect  .   (no helmet)
rElec   .          Harm     .   (no cloak)
rCorr   .          Rampage  .   (no gloves)
Will    .....                   (no boots)
Stlth   ++........              (no amulet)
HPRegen 0.00/turn               g - ring "Ydenguf" {Str+6 SInv}
MPRegen 0.10/turn               x - +6 ring of strength

@: inhibited regen
A: claws 1, cold resistance 1, negative energy resistance 3, inhibited
regeneration, torment resistance 2
a: Renounce Religion


You were on level 6 of the Dungeon.
You worshipped Xom.
You were a toy of Xom.
You visited 1 branch of the dungeon, and saw 7 of its levels.

You collected 377 gold pieces.

Inventory:

Missiles
 j - 6 boomerangs of dispersal
 q - 3 silver javelins (quivered)
Armour
 a - a +0 robe (worn)
 y - a +0 plate armour
Jewellery
 f - a ring of wizardry
 g - the ring "Ydenguf" (left claw) {Str+6 SInv}
   (You found it on level 2 of the Dungeon)

   [ring of strength]

   Str:       It affects your strength (+6).
   SInv:      It lets you see invisible.
 p - an amulet of magic regeneration
 r - the ring "Luzuf" {Int+6 Slay+2}
   (You found it on level 4 of the Dungeon)

   [ring of intelligence]

   Int:       It affects your intelligence (+6).
   Slay:      It affects your accuracy & damage with ranged weapons and melee
   (+2).
 x - a +6 ring of strength (right claw)
Wands
 w - a wand of mindburst (15)
Scrolls
 b - 3 scrolls of identify
 c - 2 scrolls of fog
 e - 2 scrolls of noise
 k - a scroll of torment {unknown}
 l - 6 scrolls of teleportation {unknown}
 m - a scroll of magic mapping {unknown}
 v - a scroll of enchant weapon
Potions
 d - a potion of heal wounds {unknown}
 h - 2 potions of berserk rage {unknown}
 i - a potion of might {unknown}
 o - 2 potions of brilliance {unknown}
 s - a potion of cancellation {unknown}
 t - a potion of mutation {unknown}
 u - 2 potions of lignification {unknown}
Miscellaneous
 n - a lightning rod (4/4)


   Skills:
 + Level 8.3 Fighting
 - Level 2.6 Dodging
 - Level 2.1 Stealth
 + Level 8.2 Unarmed Combat


You had 7 spell levels left.
You didn't know any spells.
Your spell library contained the following spells:

 Spells                   Type           Power      Damage    Failure   Level
 Freeze                   Ice            0%         1d3       47%         1
 Magic Dart               Conj           0%         1d3       47%         1
 Sandblast                Erth           0%         2d4       47%         1
 Passwall                 Tmut/Erth      0%         N/A       63%         2
 Searing Ray              Conj           0%         2d4       63%         2
 Conjure Flame            Conj/Fire      0%         6-21      85%         3
 Frozen Ramparts          Ice            0%         1d2       85%         3
 Ignite Poison            Fire/Tmut/Pois 0%         N/A       85%         3
 Stone Arrow              Conj/Erth      0%         3d7       85%         3
 Fulminant Prism          Conj/Hex       0%         3d6       99%         4
 Hailstorm                Conj/Ice       0%         3d3       99%         4
 Sticky Flame             Conj/Fire      0%         2d3       99%         4


Dungeon Overview and Level Annotations

Branches:
Dungeon (7/15)             Temple (0/1) D:5

Altars:
Ashenzari
Kikubaaqudgha
Xom


Innate Abilities, Weirdness & Mutations

You thrive by killing the living.
You are immune to poison.
You have sharp fingernails.
Your flesh is cold resistant. (rC+)
You are immune to negative energy. (rN+++)
You do not regenerate when monsters are visible.
You are immune to unholy pain and torment.


Message History

The kobold hits you with a +0 dagger. The kobold barely misses you.
The kobold hits you with a +0 short sword.
The iguana completely misses you. The kobold closely misses you.
You claw the iguana!
You kill the iguana!
The kobold hits you with a +0 dagger. The kobold hits you with a +0 whip.
The kobold hits you with a +0 short sword.
* * * LOW HITPOINT WARNING * * *
You scratch the kobold but do no damage.
The kobold barely misses you. The kobold hits you with a +0 dagger.
* * * LOW HITPOINT WARNING * * *
The kobold misses you.
The kobold unwields a +0 hand crossbow.
The kobold wields a +0 short sword.
The kobold closely misses you.
You barely miss the kobold. The kobold barely misses you.
The kobold misses you. The kobold barely misses you.
The kobold hits you but does no damage.
You claw the kobold!
You kill the kobold!
The kobold misses you. x2; The kobold hits you with a +0 dagger.
* * * LOW HITPOINT WARNING * * *
The kobold closely misses you.
You barely miss the kobold.
The kobold hits you with a +0 short sword.
* * * LOW HITPOINT WARNING * * *
The kobold hits you with a +0 whip.
* * * LOW HITPOINT WARNING * * *
The kobold closely misses you. The kobold hits you with a +0 whip.
* * * LOW HITPOINT WARNING * * *
Okay, then.
The kobold unwields a +0 short sword.
The kobold wields a +0 hand crossbow.
The kobold shoots a bolt.
The bolt misses you. The kobold hits you but does no damage.
Things that are here:
a +0 dagger; 19 gold pieces The kobold shoots a bolt.
The bolt hits you.
* * * LOW HITPOINT WARNING * * *
There is an escape hatch in the ceiling here.
The kobold hits you with a +0 whip.
You die... "What!?
That's it?"

, ,, ......#*....... ,
.. #.)..##....... *
,,....#).....<###...
,,........)).........
.........K.........
,*,.......###......)..
, .......* #.K.......
,....... #KK....... ,
....... ##@...##..
,..$....###.....#*
,............### ,
,*#.........#*,
##........#*
#........# #........#
#........# ......###
#........# ........# .


You could see 4 kobolds.

Vanquished Creatures
  A water moccasin (D:4)
  An orc warrior (D:5)
  A hornet zombie (D:5)
  A sky beast (D:4)
  An ogre (D:5)
  A kobold brigand (D:6)
  2 water moccasin skeletons (D:5)
  An orc priest (D:7)
  A bullfrog skeleton (D:4)
  An iguana (D:6)
  An orc wizard (D:4)
  A hound skeleton (D:4)
  5 adders
  A white imp (D:5)
  An adder skeleton (D:4)
  4 worms
  3 dart slugs
  20 orcs
  5 ball pythons
  6 endoplasms
  2 giant cockroaches
  8 goblins
  4 hobgoblins
  3 jackals (D:4)
  13 kobolds
  2 quokkas (D:4)
  10 bats
  5 frilled lizards
  3 rats
108 creatures vanquished.

Vanquished Creatures (collateral kills)
  The ghost of r33k the Chopper, an amateur MiFi (D:4)
  A river rat (D:4)
  An orc (D:3)
  2 goblins (D:3)
  A quokka (D:3)
  A ball python (D:4)
  A rat (D:3)
8 creatures vanquished.

Grand Total: 116 creatures vanquished

Notes
Turn   | Place    | Note
-------+----------+-------------------------------------------
     0 | D:1      | esteth the Ghoul Monk began the quest for the Orb.
     0 | D:1      | Reached XP level 1. HP: 19/19 MP: 0/0
   104 | D:1      | Reached XP level 2. HP: 25/26 MP: 1/1
   557 | D:1      | Found a faded altar of an unknown god.
   569 | D:1      | Prayed at the altar of an unknown god.
   569 | D:1      | Became a worshipper of Xom of Chaos
   624 | D:1      | XOM: silly message
   645 | D:1      | XOM: swap monsters
   716 | D:2      | Reached XP level 3. HP: 31/33 MP: 2/2
   819 | D:2      | Identified the ring "Ydenguf" {Str+6 SInv}
   959 | D:2      | XOM: divination: detect creatures
  1216 | D:2      | XOM: divination: magic mapping
  1712 | D:3      | XOM: silly message
  1718 | D:3      | Reached XP level 4. HP: 37/41 MP: 3/3
  1748 | D:3      | XOM: god gift: lightning rod (4/4)
  1812 | D:3      | XOM: scenery: summon butterflies
  1946 | D:3      | XOM: cloud trail
  1955 | D:3      | XOM: god gift: scroll labelled NIGIURH KARPHU {god gift}
  2113 | D:3      | XOM: stat loss: -1 Str (21/22)
  2400 | D:3      | XOM: summons 2 hostile shadow creatures
  2602 | D:3      | XOM: god gift: 3 silver javelins
  2812 | D:4      | Noticed a sky beast
  2823 | D:4      | Killed a sky beast
  2824 | D:4      | Reached skill level 5 in Fighting
  2824 | D:4      | Reached skill level 5 in Unarmed Combat
  2824 | D:4      | Reached XP level 5. HP: 25/48 MP: 4/4
  2945 | D:4      | XOM: 6-stop teleportation journey
  2973 | D:4      | XOM: smoke on damage
  3029 | D:4      | Identified the ring "Luzuf" {Int+6 Slay+2}
  3137 | D:4      | Reached XP level 6. HP: 54/56 MP: 5/5
  3478 | D:4      | You fall into a shaft and drop 3 floors!
  3488 | D:5      | Entered Level 5 of the Dungeon
  3584 | D:4      | Found an ancient bone altar of Kikubaaqudgha.
  3598 | D:4      | XOM: scenery: create altars
  3635 | D:4      | Found a runed translucent door.
  3640 | D:4      | Noticed r33k's ghost (amateur MiFi)
  3655 | D:4      | XOM: summons friendly iron imp
  3662 | D:4      | XOM: god gift: 50 gold pieces
  3670 | D:4      | XOM: confuse monster(s)
  3677 | D:4      | Killed r33k's ghost
  3678 | D:4      | Reached XP level 7. HP: 29/64 MP: 6/6
  3710 | D:4      | XOM: polymorph iron imp -> white imp
  3796 | D:4      | XOM: summons 3 hostile shadow creatures
  3864 | D:4      | Found a runed translucent door.
  3890 | D:4      | XOM: summons 4 hostile shadow creatures
  3932 | D:4      | XOM: god gift: 39 gold pieces
  4091 | D:5      | XOM: enchant monster (good)
  4095 | D:5      | XOM: smoke on damage
  4326 | D:5      | XOM: enchant monster (good)
  4620 | D:5      | XOM: silly message
  4621 | D:5      | Found a staircase to the Ecumenical Temple.
  4623 | D:5      | XOM: confusion (+ monsters)
  4646 | D:5      | XOM: potion effect (curing)
  4655 | D:5      | Reached XP level 8. HP: 65/73 MP: 7/7
  4657 | D:5      | XOM: repel stairs
  4697 | D:5      | XOM: silly message
  4888 | D:5      | XOM: divination: magic mapping
  5062 | D:5      | XOM: silly message
  5214 | D:5      | Found a broken altar of Ashenzari.
  5498 | D:5      | XOM: silly message
  5537 | D:5      | XOM: silly message
  5547 | D:5      | XOM: silly message
  5731 | D:6      | Found a shimmering altar of Xom.
  5806 | D:6      | XOM: silly message
  5843 | D:6      | XOM: divination: magic mapping
  5865 | D:6      | Slain by a kobold

Illustrated notes

Levels and vault maps discovered:
D:1:      minmay_arrival_open_corners, layout_rooms,
          shapermc_ecumenical_altar_totnotflames,
          chequers_serial_rivers_micro_e, minmay_statues_item,
          chequers_serial_rivers_micro_a, minmay_box_of_dots
D:2:      layout_loops_ring
D:3:      minmay_recursive_quarters, layout_loops_cross, minmay_diced_spiral
D:4:      layout_cave_pools, lemuel_tele_altar, serial_column_ruins,
          column_ruins_open_tiny, column_ruins_grid_3, column_ruins_open_small,
          column_ruins_grid_2, ebering_ghost_sewer_f
D:5:      layout_loops_ring, nicolae_ashenzari_skybound,
          minmay_temple_entry_sparse_star, minmay_misc_feat_pillars
D:6:      layout_basic, xom_teletrap_fun, uniq_eustachio, uniq_edmund
D:7:      layout_basic, chequers_ossuary_entry_cave, kennysheep_windowed_goal

Skill      XL: |  1  2  3  4  5  6  7  8 |
---------------+-------------------------+-----
Fighting       | 4 5 6 7 8 |  8.3
Unarmed Combat | 4 5 6 7 8 |  8.2
Dodging        | |  2.6
Stealth        | |  2.1

Action                   |  1- 3 |  4- 6 |  7- 9 || total
-------------------------+-------+-------+-------++-------
Melee: Unarmed           |   102 |   150 |   124 ||   376
       Punch             |     2 |     4 |     4 ||    10
  Use: Scroll            |       |     5 |       ||     5
       Potion            |       |     3 |       ||     3
 Stab: Distracted        |     1 |       |       ||     1
       Sleeping          |     7 |     2 |       ||     9
       Confused          |       |     1 |     2 ||     3
       Petrified         |       |       |     8 ||     8
       Petrifying        |       |       |     2 ||     2
Armor: Robe              |    18 |    18 |    20 ||    56
Dodge: Dodged            |    59 |    90 |   102 ||   251

Table legend: (Time is in decaauts)
 A = Elapsed time spent in this place.
 B = Non-inter-level travel time spent in this place.
 C = Inter-level travel time spent in this place.
 D = Time resting spent in this place.
 E = Time spent auto-exploring this place.
 F = Levels seen in this place.
 G = Mean time per level.
                   A        B        C        D        E       F      G
               +--------+--------+--------+--------+--------+-----+--------+
         Total |   5833 |   5661 |    172 |   1724 |   3026 |   7 |  833.3 |
       Dungeon |   5833 |   5661 |    172 |   1724 |   3026 |   7 |  833.3 |
               +--------+--------+--------+--------+--------+-----+--------+

Top non-repeatable levels by time:
     D:4: 1536 daAuts
     D:5: 1378 daAuts
     D:3: 1093 daAuts
     D:2: 853 daAuts
     D:1: 702 daAuts
     D:6: 230 daAuts
     D:7: 37 daAuts
